 Dungeon Crawl Stone Soup version 0.19-a0-854-gc78d25d (webtiles) character file.

984 scalarboson the Shield-Bearer (level 8, -2/69 HPs)
             Began as a Hill Orc Fighter on July 1, 2016.
             Was a Follower of Beogh.
             Slain by a yak (8 damage)
             ... on level 5 of the Dungeon.
             The game lasted 00:08:51 (4465 turns).

scalarboson the Shield-Bearer (Hill Orc Fighter)    Turns: 4465, Time: 00:08:51

Health: -2/69      AC: 10    Str: 26    XL:     8   Next: 17%
Magic:  8/8        EV: 17    Int:  8    God:    Beogh [*.....]
Gold:   271        SH: 12    Dex: 10    Spells: 0 memorised, 7 levels left

rFire  . . .     SeeInvis .     a - +0 war axe
rCold  . . .     Gourm    .     b - +0 scale mail
rNeg   . . .     Faith    .     c - +1 shield
rPois  .         Spirit   .     i - +0 helmet
rElec  .         Dismiss  .     (no cloak)
rCorr  .         Reflect  .     (no gloves)
SustAt .         Harm     .     e - +0 pair of boots
MR     +....                    (no amulet)
Stlth  ..........               h - ring of Shaolin {EV+8}
                                g - ring of protection from magic

@: mighty, somewhat resistant to hostile enchantments, extremely unstealthy
A: no striking features
a: Renounce Religion


You were on level 5 of the Dungeon.
You worshipped Beogh.
Beogh was aware of your devotion.
You were not hungry.

You visited 1 branch of the dungeon, and saw 5 of its levels.

You collected 271 gold pieces.

Inventory:

Hand Weapons
 a - a +0 war axe (weapon)
Armour
 b - a +0 scale mail (worn)
 c - a +1 shield (worn)
 e - a +0 pair of boots (worn)
 i - a +0 helmet (worn)
Jewellery
 g - a ring of protection from magic (left hand)
 h - the ring of Shaolin (right hand) {EV+8}
   (You found it on level 4 of the Dungeon)

   [ring of evasion]

   It affects your evasion (+8).
Wands
 l - a wand of iceblast (5/15)
Scrolls
 j - 2 scrolls of identify
 k - a scroll of teleportation
 m - a scroll of remove curse {unknown}
 p - a scroll of enchant weapon {unknown}
Potions
 n - a potion of agility {unknown}
Comestibles
 f - 3 bread rations
 o - a beef jerky


   Skills:
 + Level 5.6 Fighting
 + Level 5.8 Axes
 + Level 5.3 Armour
 + Level 2.7 Dodging
 + Level 0.3 Stealth
 + Level 6.5 Shields


You had 7 spell levels left.
You didn't know any spells.

Dungeon Overview and Level Annotations

Branches:
Dungeon (5/15)
 Temple: D:4-7

Altars:
Ru
Yredelemnul
The Shining One


Message History

You are too injured to fight recklessly!
You are too injured to fight recklessly!
You feel very mighty all of a sudden. You block the yak's attack.
You are too injured to fight recklessly!
You are too injured to fight recklessly!
You are too injured to fight recklessly!
You are too injured to fight recklessly!
Your shield and scale mail prevent you from hitting the yak.
The yak is heavily wounded.
You block the yak's attack. The yak misses you.
You slash the yak!
You kill the yak!
Beogh accepts your kill. The yak gores you!
* * * LOW HITPOINT WARNING * * *
You slash the yak!
The yak is moderately wounded.
The yak gores you!
You die...

### ..#
#########.# #.#
#..@Y...... #.#
#?#####.### #.#
#.# #.# ###.#
#.#######...#
####.#.........#
.......#####†..#
######.#
##.<...# #.#
##.##.#


You could see a yak.

Vanquished Creatures
  3 yaks (D:5)
  An ice beast (D:4)
  A phantom (D:4)
  A scorpion (D:4)
  An orc priest (D:3)
  A giant frog skeleton (D:4)
  An orc wizard (D:4)
  3 worker ants
  A worker ant zombie (D:5)
  6 adders
  A shadow imp (D:5)
  2 oozes
  An adder skeleton (D:4)
  2 worms
  A dart slug (D:3)
  2 giant geckos
  16 orcs
  2 giant cockroaches
  6 goblins
  A hobgoblin (D:3)
  10 jackals
  7 kobolds
  A quokka (D:4)
  7 bats
  4 giant newts (D:2)
  2 rats (D:2)
84 creatures vanquished.

Notes
Turn   | Place    | Note
-------+----------+-------------------------------------------
     0 | D:1      | scalarboson the Hill Orc Fighter began the quest for the Orb.
     0 | D:1      | Reached XP level 1. HP: 19/19 MP: 1/1
   124 | D:1      | Reached XP level 2. HP: 13/27 MP: 2/2
  1027 | D:2      | Reached XP level 3. HP: 17/33 MP: 3/3
  1813 | D:2      | Reached skill level 4 in Shields
  2118 | D:2      | Found a sacrificial altar of Ru.
  2298 | D:2      | Reached XP level 4. HP: 40/40 MP: 4/4
  2773 | D:3      | Became a worshipper of Beogh the Brigand
  2904 | D:3      | Found a glowing golden altar of the Shining One.
  3252 | D:3      | Reached skill level 1 in Dodging
  3252 | D:3      | Reached XP level 5. HP: 15/46 MP: 5/5
  3553 | D:4      | Found a basalt altar of Yredelemnul.
  3567 | D:4      | Found a glowing golden altar of the Shining One.
  3827 | D:4      | Noticed a phantom
  3871 | D:4      | Killed a phantom
  3871 | D:4      | Reached * piety under Beogh
  3871 | D:4      | Reached XP level 6. HP: 40/53 MP: 6/6
  3945 | D:4      | Reached skill level 5 in Shields
  4122 | D:4      | Noticed an ice beast
  4142 | D:4      | Killed an ice beast
  4142 | D:4      | Reached XP level 7. HP: 48/60 MP: 7/7
  4316 | D:4      | Noticed an angel
  4340 | D:5      | Entered Level 5 of the Dungeon
  4357 | D:5      | Reached skill level 5 in Fighting
  4430 | D:5      | Noticed a yak
  4435 | D:5      | Noticed a yak
  4436 | D:5      | Noticed a yak
  4437 | D:5      | Noticed a yak
  4449 | D:5      | Killed a yak
  4449 | D:5      | Reached skill level 5 in Axes
  4449 | D:5      | Reached skill level 5 in Armour
  4449 | D:5      | Reached skill level 6 in Shields
  4454 | D:5      | Killed a yak
  4454 | D:5      | Reached XP level 8. HP: 27/69 MP: 8/8
  4464 | D:5      | Killed a yak
  4465 | D:5      | Slain by a yak

Vault maps used:
D:1:      dpeg_arrival_sounds_slurp
D:2:      lemuel_coloured_pillars_altar
D:3:      nicolae_tso_swordbearing_angel
D:4:      kb_forest_paths, grunt_temple_overflow_holy_war, first_bread

Skill      XL: |  1  2  3  4  5  6  7 |
---------------+----------------------+-----
Fighting       | 4 5 |  5.6
Shields        | 4 5 6 |  6.5
Armour         | 4 5 |  5.3
Axes           | 3 4 5 |  5.8
Dodging        | 1 2 |  2.7
Stealth        | |  0.3

Action                   |  1- 3 |  4- 6 |  7- 9 || total
-------------------------+-------+-------+-------++-------
Melee: War axe           |   137 |   192 |    81 ||   410
Invok: Convert to Beogh  |       |     1 |       ||     1
  Use: Potion            |     3 |     3 |     1 ||     7
       Scroll            |     2 |     5 |       ||     7
  Eat: Chunk             |     5 |     2 |       ||     7
       Meat ration       |       |     1 |       ||     1
Armor: Scale mail        |    75 |    74 |    10 ||   159
Dodge: Dodged            |    44 |    76 |    43 ||   163
Block: Shield            |    64 |    97 |    42 ||   203
